 Dungeon Crawl Stone Soup version 0.29-a0-330-g52719c12eb (webtiles) character file.

Game seed: 7173431727138770051

811 sanka the Skirmisher (level 7, -4/60 HPs)
             Began as a Gnoll Monk on Apr 14, 2022.
             Was a Follower of Ru.
             Slain by an orc
             ... wielding a +0 flail
              (8 damage)
             ... on level 5 of the Dungeon.
             The game lasted 00:07:15 (5155 turns).

sanka the Skirmisher (Gnoll Monk)                   Turns: 5155, Time: 00:07:16

Health: -4/60      AC:  4    Str: 10    XL:     7   Next: 93%
Magic:  11/11      EV: 15    Int: 11    God:    Ru [*.....]
Gold:   165        SH:  0    Dex: 15    Spells: 11/11 levels left

rFire   . . .      SeeInvis +     - Unarmed
rCold   . . .      Faith    .   (no shield)
rNeg    . . .      Spirit   .   a - +0 robe
rPois   +          Reflect  .   p - +0 helmet
rElec   .          Harm     .   (no cloak)
rCorr   .          Rampage  .   (no gloves)
Will    .....                   n - +0 pair of boots
Stlth   +++.......              (no amulet)
HPRegen 0.20/turn               k - ring of poison resistance
MPRegen 0.12/turn               j - ring of see invisible

@: studying Fighting
A: fangs 1, no conjurations magic, no fire magic, no hexes magic, strong nose,
distributed training
a: Renounce Religion


You were on level 5 of the Dungeon.
You worshipped Ru.
Ru was aware of your devotion.
You visited 2 branches of the dungeon, and saw 6 of its levels.

You collected 165 gold pieces.


Innate Abilities, Weirdness & Mutations

You have very sharp teeth.
You cannot study or cast Conjurations magic.
You cannot study or cast Fire magic.
You cannot study or cast Hexes magic.
Your uncanny sense of smell can sniff out nearby items.
Your experience applies equally to all skills.


   Skills:
 + Level 7.4 Fighting
 + Level 2.8 Short Blades
 + Level 2.8 Long Blades
 + Level 2.8 Axes
 + Level 2.8 Maces & Flails
 + Level 2.8 Polearms
 + Level 2.8 Staves
 + Level 2.8 Slings
 + Level 2.8 Bows
 + Level 2.8 Crossbows
 + Level 2.8 Throwing
 + Level 2.8 Armour
 + Level 7.1 Dodging
 + Level 5.1 Stealth
 + Level 2.8 Shields
 + Level 7.1 Unarmed Combat
 + Level 2.8 Spellcasting
   Level 0.0 Conjurations
   Level 0.0 Hexes
 + Level 2.2 Summonings
 + Level 2.2 Necromancy
 + Level 2.2 Translocations
 + Level 2.2 Transmutations
   Level 0.0 Fire Magic
 + Level 2.2 Ice Magic
 + Level 2.2 Air Magic
 + Level 2.2 Earth Magic
 + Level 2.2 Poison Magic
 + Level 3.1 Invocations
 + Level 2.8 Evocations


You had 11 spell levels left.
You didn't know any spells.
Your spell library contained the following spells:

 Spells                   Type           Power      Damage    Failure   Level
 Dispel Undead            Necr           6%         3d8       71%         4
 Static Discharge         Conj/Air       Unusable   N/A       N/A         2
 Sticky Flame             Conj/Fire      Unusable   2d3       N/A         4

Inventory:

Hand Weapons
 z - a +0 morningstar
Missiles
 i - 9 poisoned darts (quivered)
Armour
 a - a +0 robe (worn)
 n - a +0 pair of boots (worn)
 p - a +0 helmet (worn)
Jewellery
 j - a ring of see invisible (right hand)
 k - a ring of poison resistance (left hand)
Scrolls
 f - a scroll of fear {unknown}
 g - 2 scrolls of enchant armour {unknown}
 l - 2 scrolls of magic mapping {unknown}
 m - 3 scrolls of amnesia {unknown}
 o - 3 scrolls of immolation {unknown}
 s - a scroll of blinking {unknown}
 u - a scroll of holy word {unknown}
 w - 3 scrolls of teleportation {unknown}
 x - a scroll of identify {unknown}
 y - a scroll of enchant weapon {unknown}
Potions
 b - a potion of ambrosia
 c - 2 potions of degeneration {unknown}
 d - 6 potions of might {unknown}
 e - a potion of flight {unknown}
 h - 2 potions of curing {unknown}
 q - a potion of berserk rage {unknown}
 r - 2 potions of invisibility {unknown}
 t - a potion of lignification {unknown}
 v - a potion of attraction {unknown}

Dungeon Overview and Level Annotations

Branches:
Dungeon (5/15)             Temple (1/1) D:4

Altars:
Ashenzari
Cheibriados
Dithmenos
Elyvilon
Fedhas
Gozag
Hepliaklqana
Makhleb
Nemelex Xobeh
Okawaru
Qazlal
Ru
Sif Muna
Trog
Uskayaw
Vehumet
Wu Jian
Xom
Yredelemnul
Zin
The Shining One

.....▒......▒
...[.▒.....▒
...........▒ ▒.....▒
▒▒.▒▒▒▒ ▒▒.▒ .... ▒..
▒o.▒ ..... ▒..▒▒▒o▒▒▒▒▒▒
..... ▒..▒.goo....▒
......▒ ▒.▒.▒▒S....▒
▒........▒▒▒▒...▒▒.....▒
▒.▒.............▒▒...>.▒
..▒... ▒...............▒
..▒..▒ ▒..▒▒▒.........▒
.....▒ ▒▒........▒.....▒
.....▒▒▒...▒...▒S......▒
...........▒▒....▒.....▒


You could see an orc priest, an adder and 3 orcs.


Message History

Unknown command.
You barely miss the orc priest.
The orc priest is severely wounded.
Unknown command.
You completely miss the orc priest.
The orc priest is severely wounded.
The orc priest barely misses you. The orc misses you.
Unknown command.
You hit the orc but do no damage.
The orc priest calls down the wrath of Beogh upon you.
Pain shoots through your body!
* * * LOW HITPOINT WARNING * * *
The orc closely misses you.
You hit the orc priest but do no damage.
The orc priest is severely wounded.
The orc priest hits you with a +0 club.
* * * LOW HITPOINT WARNING * * *
The orc closely misses you.
Unknown command.
You barely miss the orc priest.
The orc priest is severely wounded.
The orc priest calls down the wrath of Beogh upon you.
You struggle to resist.
The orc barely misses you.
You hit the orc priest but do no damage.
The orc priest is severely wounded.
The orc priest begins to pray, but is stunned by your conviction!
The orc hits you with a +0 flail!
You die...

Action                   |  1- 3 |  4- 6 |  7- 9 || total
-------------------------+-------+-------+-------++-------
Melee: Unarmed           |    64 |   190 |    66 ||   320
       Bite              |     6 |    22 |     7 ||    35
       Punch             |     1 |    15 |     2 ||    18
Throw: Dart              |       |       |     6 ||     6
Invok: Sacrifice Arcana  |       |     1 |       ||     1
 Stab: Sleeping          |    11 |     6 |     3 ||    20
       Distracted        |       |     3 |       ||     3
Armor: Robe              |     9 |    24 |     8 ||    41
Dodge: Dodged            |    35 |   109 |    40 ||   184

Levels and vault maps discovered:
D:1:      dpeg_arrival_oval, layout_loops_ring
D:2:      layout_loops_ring, minmay_increasing_density
D:3:      layout_rooms, interstate_on_off
D:4:      layout_loops_corners, temple_hall, minmay_manual_mail
D:5:      layout_rooms, gup_sewer_entry_pipe, chequers_serial_rivers_micro_c,
          minmay_hollow_rounded_squares
Temple:   mainiacjoe_temple_hex_bubbles

Notes
Turn   | Place    | Note
-------+----------+-------------------------------------------
     0 | D:1      | sanka the Gnoll Monk began the quest for the Orb.
     0 | D:1      | Reached XP level 1. HP: 23/23 MP: 1/1
   154 | D:1      | Reached XP level 2. HP: 29/29 MP: 2/2
   860 | D:2      | Reached XP level 3. HP: 35/35 MP: 3/3
  1048 | D:2      | Reached skill level 1 in Invocations
  1314 | D:2      | Reached skill level 1 in Short Blades
  1314 | D:2      | Reached skill level 1 in Long Blades
  1314 | D:2      | Reached skill level 1 in Axes
  1314 | D:2      | Reached skill level 1 in Maces & Flails
  1314 | D:2      | Reached skill level 1 in Polearms
  1314 | D:2      | Reached skill level 1 in Staves
  1314 | D:2      | Reached skill level 1 in Slings
  1314 | D:2      | Reached skill level 1 in Bows
  1314 | D:2      | Reached skill level 1 in Crossbows
  1314 | D:2      | Reached skill level 1 in Throwing
  1314 | D:2      | Reached skill level 1 in Armour
  1314 | D:2      | Reached skill level 1 in Shields
  1314 | D:2      | Reached skill level 1 in Spellcasting
  1314 | D:2      | Reached skill level 1 in Evocations
  1351 | D:2      | Reached XP level 4. HP: 39/41 MP: 5/5
  1807 | D:3      | Reached skill level 1 in Conjurations
  1807 | D:3      | Reached skill level 1 in Hexes
  1807 | D:3      | Reached skill level 1 in Summonings
  1807 | D:3      | Reached skill level 1 in Necromancy
  1807 | D:3      | Reached skill level 1 in Translocations
  1807 | D:3      | Reached skill level 1 in Transmutations
  1807 | D:3      | Reached skill level 1 in Fire Magic
  1807 | D:3      | Reached skill level 1 in Ice Magic
  1807 | D:3      | Reached skill level 1 in Air Magic
  1807 | D:3      | Reached skill level 1 in Earth Magic
  1807 | D:3      | Reached skill level 1 in Poison Magic
  1807 | D:3      | Reached XP level 5. HP: 39/47 MP: 6/6
  2767 | D:4      | Noticed a phantom
  2781 | D:4      | Found a staircase to the Ecumenical Temple.
  2784 | D:4      | Killed a phantom
  2785 | D:4      | Reached skill level 2 in Invocations
  2785 | D:4      | Reached XP level 6. HP: 36/53 MP: 8/8
  2815 | Temple   | Entered the Ecumenical Temple
  3162 | Temple   | Became a worshipper of Ru the Awakened
  3188 | Temple   | Gained mutation: You cannot study or cast Fire magic. [Ru
                  | sacrifice]
  3188 | Temple   | Gained mutation: You cannot study or cast Hexes magic. [Ru
                  | sacrifice]
  3188 | Temple   | Gained mutation: You cannot study or cast Conjurations
                  | magic. [Ru sacrifice]
  3188 | Temple   | Reduced skill Fire Magic to level 0
  3188 | Temple   | Reduced skill Hexes to level 0
  3188 | Temple   | Reduced skill Conjurations to level 0
  3188 | Temple   | Reached * piety under Ru
  3491 | D:4      | HP: 4/53 [iguana (8)]
  3493 | D:4      | Reached skill level 2 in Short Blades
  3493 | D:4      | Reached skill level 2 in Long Blades
  3493 | D:4      | Reached skill level 2 in Axes
  3493 | D:4      | Reached skill level 2 in Maces & Flails
  3493 | D:4      | Reached skill level 2 in Polearms
  3493 | D:4      | Reached skill level 2 in Staves
  3493 | D:4      | Reached skill level 2 in Slings
  3493 | D:4      | Reached skill level 2 in Bows
  3493 | D:4      | Reached skill level 2 in Crossbows
  3493 | D:4      | Reached skill level 2 in Throwing
  3493 | D:4      | Reached skill level 2 in Armour
  3493 | D:4      | Reached skill level 2 in Shields
  3493 | D:4      | Reached skill level 2 in Spellcasting
  3493 | D:4      | Reached skill level 2 in Evocations
  3894 | D:4      | Reached skill level 7 in Fighting
  3894 | D:4      | Reached XP level 7. HP: 46/60 MP: 10/10
  4087 | D:4      | HP: 2/60 [ogre/+0 giant spiked club (32)]
  4121 | D:4      | Reached skill level 7 in Dodging
  4121 | D:4      | Reached skill level 7 in Unarmed Combat
  4873 | D:5      | Entered Level 5 of the Dungeon
  4883 | D:5      | Reached skill level 2 in Summonings
  4883 | D:5      | Reached skill level 2 in Necromancy
  4883 | D:5      | Reached skill level 2 in Translocations
  4883 | D:5      | Reached skill level 2 in Transmutations
  4883 | D:5      | Reached skill level 2 in Ice Magic
  4883 | D:5      | Reached skill level 2 in Air Magic
  4883 | D:5      | Reached skill level 2 in Earth Magic
  4883 | D:5      | Reached skill level 2 in Poison Magic
  4926 | D:5      | Reached skill level 5 in Stealth
  5044 | D:5      | Reached skill level 3 in Invocations
  5153 | D:5      | HP: 3/60 [orc priest/+0 club (4)]
  5155 | D:5      | Slain by an orc

Vanquished Creatures
  An ogre (D:4)
  A sky beast (D:5)
  A phantom (D:4)
  A scorpion (D:5)
  A necrophage (D:4)
  A howler monkey (D:4)
  3 hounds
  An orc priest (D:5)
  A jelly (D:5)
  An orc wizard (D:4)
  An iguana (D:4)
  4 gnolls
  7 adders
  3 dart slugs
  11 orcs
  6 ball pythons
  6 endoplasms
  5 giant cockroaches
  8 goblins
  3 hobgoblins
  3 jackals (D:3)
  6 quokkas
  7 bats
  3 frilled lizards (D:2)
  14 kobolds
  2 rats (D:2)
101 creatures vanquished.
